 Dungeon Crawl Stone Soup version 0.18-a0-952-g309898a (webtiles) character file.

18 Gorice the Vexing (level 2, 0/11 HPs)
             Began as a Felid Wanderer on Dec 30, 2015.
             Succumbed to an adder's poison
             ... on level 1 of the Dungeon.
             The game lasted 00:06:00 (1368 turns).

Gorice the Vexing (Felid Wanderer)                  Turns: 1368, Time: 00:06:01

Health: 0/11       AC:  1    Str:  8    XL:     2   Next: 48%
Magic:  0/5        EV: 15    Int: 14    God:
Gold:   42         SH:  0    Dex: 14    Spells: 2 memorised, 0 levels left
                                        Lives:  0   Deaths: 0

rFire  . . .     SeeInvis +       - Unarmed
rCold  . . .     Gourm    .     (armour unavailable)
rNeg   . . .     Faith    .     (shield unavailable)
rPois  .         Spirit   .     (helmet unavailable)
rElec  .         Dismiss  .     (cloak unavailable)
rCorr  .         Reflect  .     (gloves unavailable)
SustAt .         Harm     .     (boots unavailable)
MR     .....                    (no amulet)
Stlth  ++........               (no ring)
                                (no ring)

@: lethally poisoned (0 -> -8), quick, not resistant to hostile enchantments,
unstealthy
A: no armour, no weapons or thrown items, claws 1, fangs 3, see invisible,
carnivore 3, speed 1, shaggy fur 1, slow metabolism 1, sharp paws
a: no special abilities


You were on level 1 of the Dungeon.
You were not hungry.

You visited 1 branch of the dungeon, and saw 1 of its levels.

You collected 42 gold pieces.

Inventory:

Books
 a - a book of Maledictions
 b - Sif Muna's Incunabulum of Envenoming

   Spells                             Type                      Level
   a - Sting                          Conjuration/Poison           1
   b - Ignite Poison                  Fire/Transmutation/Poison    3
Comestibles
 c - 3 meat rations {!e}


   Skills:
 + Level 1.5 Stealth
 + Level 1.0 Unarmed Combat
 + Level 1.3 Spellcasting
 * Level 4.8 Hexes
   Level 2.6 Fire Magic
 + Level 0.5 Ice Magic
   Level 1.0 Earth Magic
   Level 1.1 Evocations


You couldn't memorise any spells.
You knew the following spells:

 Your Spells              Type           Power        Failure   Level  Hunger
a - Corona                Hex            ##.....      3%          1    ##.....
b - Ensorcelled Hibernat  Hex/Ice        #.....       17%         2    ###....


Dungeon Overview and Level Annotations

Branches:
Dungeon (1/15)

Altars:


Innate Abilities, Weirdness & Mutations

You cannot wear armour.
You are incapable of wielding weapons or throwing items.
You have sharp claws.
You have razor-sharp teeth.
You have supernaturally acute eyesight.
You are carnivorous and can eat meat at any time.
You cover ground quickly.
You are covered in fur (AC +1).
You have a slow metabolism.
Your sharp claws are effective at attacking unaware monsters.


Message History

Confirm with . or Enter, or press ? or * to list all spells.
You don't have enough magic to cast that spell.
Found a stone staircase leading down.
The adder bites you.
You are lethally poisoned!
The adder poisons you!
Damage: 4 (max 4)
You feel sick.
Damage: 1 (max 4)
You feel sick.
Damage: 1 (max 4)
You feel sick.
Damage: 1 (max 4)
* * * LOW HITPOINT WARNING * * *
You feel sick.
Damage: 1 (max 4)
You see here 18 poisoned needles.
Read which item? (? for menu, Esc to quit)
You don't have any such object.
Read which item? (? for menu, Esc to quit)
Okay, then.
Unknown command.
Read which item? (? for menu, Esc to quit)
As you read the scroll labeled YKYICK UNACO, it crumbles to dust.
It is a scroll of identify.
You don't have any unidentified items.
* * * LOW HITPOINT WARNING * * *
You feel sick. The adder misses you.
Damage: 1 (max 4) Unknown command.
Unknown command.
Your magical contamination has completely faded away.
Casting: Ensorcelled Hibernation
Confirm with . or Enter, or press ? or * to list all spells.
Aiming: Ensorcelled Hibernation
Press: ? - help, Shift-Dir - straight line, f/p - adder
Aim: an adder (chance to defeat MR: 48%)
The adder resists with some effort.
* * * LOW HITPOINT WARNING * * *
You feel sick. The adder barely misses you.
Damage: 1 (max 4)
You scratch the adder.
The adder is moderately wounded.
The adder closely misses you.
You scratch the adder but do no damage.
The adder is moderately wounded.
The adder closely misses you. The adder barely misses you.
You scratch the adder.
You kill the adder!
You die...

#### ...##########
............##########
#...................#
##..#######.########(#
....#
#.....@....########
##..#
#########.........####
##%.# #............#
#...## #.#.#####.##.#
.###.######## #.#.#
#.##### . #.........#
#.#.# #.##..<
.###...#####.# #.#.#
#.##... .......## #.#
#.#.# #.##...
........# #.# #.#.#
#..#...


There were no monsters in sight!

Vanquished Creatures
  An adder (D:1)
  2 bats (D:1)
  A giant cockroach (D:1)
  4 hobgoblins (D:1)
  A giant newt (D:1)
  A kobold (D:1)
10 creatures vanquished.

Notes
Turn   | Place    | Note
--------------------------------------------------------------
     0 | D:1      | Gorice the Felid Wanderer began the quest for the Orb.
     0 | D:1      | Gorice set off with: a book of Maledictions, Sif Muna's Incunabulum of Envenoming, a meat ration {!e}
     0 | D:1      | Reached XP level 1. HP: 7/7 MP: 3/3
     0 | D:1      | Identified Sif Muna's Incunabulum of Envenoming
     2 | D:1      | Learned a level 1 spell: Corona
   246 | D:1      | HP: 2/7 [hobgoblin (4)]
   556 | D:1      | Reached skill level 1 in Unarmed Combat
   628 | D:1      | HP: 1/7 [goblin/club (6)]
   999 | D:1      | HP: 2/7 [bat (1)]
  1006 | D:1      | HP: 1/7 [bat (1)]
  1015 | D:1      | Reached XP level 2. HP: 4/11 MP: 2/4
  1022 | D:1      | Learned a level 2 spell: Ensorcelled Hibernation
  1355 | D:1      | HP: 3/11 [poisoned by an adder]
  1364 | D:1      | HP: 1/11 [poisoned by an adder]
  1368 | D:1      | Succumbed to an adder's poison

Vault maps used:
D:1:      minmay_arrival_checkered_box

Action                   || total
-------------------------++-------
Melee: Unarmed           ||    41
 Cast: Corona            ||     8
       Ensorcelled Hiber ||     3
  Use: Potion            ||     1
       Scroll            ||     1
 Stab: Sleeping          ||     4
  Eat: Chunk             ||     4

Table legend:
 A = Turns spent in this place as a percentage of turns spent in the entire game.
 B = Non-inter-level travel turns spent in this place as a percentage of non-inter-level travel turns spent in the entire game.
 C = Inter-level travel turns spent in this place as a percentage of turns spent in this place.
 D = Turns resting spent in this place as a percentage of non-inter-level travel turns spent in this place.
 E = Turns spent auto-exploring this place as a percentage of non-inter-level travel turns spent in this place.
 F = Non-inter-level travel turns spent in this place divided by the number of levels of this place that you've seen.
                   A       B       C       D       E      F
               +-------+-------+-------+-------+-------+----------------------
         Total | 100.0 | 100.0 |   0.0 |   4.3 |   3.4 | 440.0
       Dungeon | 100.0 | 100.0 |   0.0 |   4.3 |   3.4 | 440.0
               +-------+-------+-------+-------+-------+----------------------

Vault maps used:
D:1:      minmay_arrival_checkered_box
